Cogmind - Beta 13 @@@ ROGUE MODE // 2024.03.08 @ 20:57:00 Player: darki Result: Destroyed by Z-Imprinter with Zionite Laser-M Performance ------------- Evolutions (1) 500 Regions Visited (6) 1200 Robots Destroyed (38) 190 Value Destroyed (951) 951 Prototype IDs (0) 0 Alien Tech Used (0) 0 Bonus (600) 600 TOTAL SCORE: 3441 Bonus ------- Met Imprinter 300 Was Imprinted 300 Cogmind --------- Core Integrity 0/400 Matter 256/300 Energy 82/100 System Corruption 2% Temperature Cool (11) Movement Flying (35) Location -7/Deep Caves Parts ------- > --- POWER (1) -------- (None) > --- PROPULSION (2) --- Cesium-ion Thruster > --- UTILITY (3) ------ Improved Heat Sink > --- WEAPON (3) ------- (None) > --- INVENTORY (5) ---- Cesium-ion Thruster Mini Grenade Launcher Heavy Missile Launcher Phasing Sabre Peak State ------------ > --- POWER ------------ (None) > --- PROPULSION ------- Armored Treads Armored Treads > --- UTILITY ---------- Improved Heat Sink Large Storage Unit Improved Medium Armor Plating > --- WEAPON ----------- Autogun Autogun Phasing Sabre > --- INVENTORY -------- Cesium-ion Thruster Cesium-ion Thruster Cesium-ion Thruster Cesium-ion Thruster Compact Matter Pod Compact Matter Pod Compact Matter Pod Mini Grenade Launcher Heavy Missile Launcher Mining Laser CR-A16's Pointy Stick [Rating: 27] Favorites ----------- Power Ion Engine Engine Ion Engine Power Core Light Nuclear Core Propulsion Armored Treads Treads Armored Treads Leg Aluminum Leg Flight Unit Cesium-ion Thruster Utility Improved Heat Sink Device Improved Heat Sink Storage Large Storage Unit Processor Improved Signal Interpreter Protection Light Armor Plating Weapon Autogun Energy Gun Beam Rifle Ballistic Gun Autogun Launcher Rocket Launcher Special Weapon Mining Laser Slashing Weapon Phasing Sabre Build | -11 -10 -10 -9 -9 -7 -7 ------- Run | Yrd Mat Min Mat Min Zio Dee Slots Evolved 2 | . . . 2 . . . Power . | . . . . . . . Propulsion . | . . . . . . . Utility 1 | . . . 1 . . . Weapon 1 | . . . 1 . . . Parts Attached 28 | . 4 3 16 . . 5 Power 2 | . 1 . 1 . . . Engine 1 | . . . 1 . . . Core 1 | . 1 . . . . . Reactor . | . . . . . . . Propulsion 9 | . . 2 4 . . 3 Treads 2 | . . . 2 . . . Leg 4 | . . 2 2 . . . Wheel . | . . . . . . . Hover . | . . . . . . . Flight 3 | . . . . . . 3 Utility 6 | . 1 1 3 . . 1 Device 2 | . 1 1 . . . . Storage 1 | . . . 1 . . . Processor 1 | . . . 1 . . . Hackware . | . . . . . . . Protection 2 | . . . 1 . . 1 Artifact . | . . . . . . . Weapon 11 | . 2 . 8 . . 1 Energy Gun 2 | . . . 2 . . . Energy Cannon . | . . . . . . . Ballistic Gun 6 | . 1 . 5 . . . Ballistic Cannon . | . . . . . . . Launcher 1 | . . . 1 . . . Special Weapon 1 | . 1 . . . . . Impact Weapon . | . . . . . . . Slashing Weapon 1 | . . . . . . 1 Piercing Weapon . | . . . . . . . Special Melee Weapon . | . . . . . . . Unidentified Prototypes . | . . . . . . . Parts Lost 9 | . 2 . 3 . . 4 Power . | . . . . . . . Propulsion 2 | . . . . . . 2 Utility 3 | . . . 1 . . 2 Weapon 4 | . 2 . 2 . . . Highest Loss Streak 3 | . 1 . 3 . . 3 To Critical Strikes . | . . . . . . . Average Slot Usage (%) 96 | . 89 85 95 100 100 91 Engine 7 | . 9 . 2 11 11 9 Core 3 | . 4 14 8 . . . Treads 17 | . . . 15 22 22 20 Leg 5 | . 28 28 6 . . . Device 10 | . 4 14 11 11 11 11 Storage 11 | . 14 14 11 11 11 10 Processor 8 | . . . 7 11 11 7 Energy Gun 11 | . 20 . 9 11 11 9 Ballistic Gun 19 | . 6 14 19 22 22 20 Naked Turns . | . . . . . . . Heaviest Build 36 | 14 15 13 36 35 35 35 Greatest Support 40 | 20 20 20 40 40 40 40 Greatest Overweight (x) 1 | . . . 1 . . . Average Overweight (x) . | . . . . . . . Largest Inventory Capacity 15 | . 8 8 15 15 15 15 Average Capacity 14 | . 8 8 14 15 15 14 Most Carried 15 | . 8 8 15 15 15 15 Average Carried 13 | . 7 7 13 15 14 14 Final Capacity 15 | 8 8 8 15 15 15 5 Final Carried 15 | 6 8 8 15 15 15 4 Class Distribution -------------------- 65% | Gunner 16% | Scavenger-Gunner 12% | Mutant 4% | Scavenger-Mutant Dominant Class ---------------- Mutant | -10/Materials Mutant | -10/Mines Scavenger-Gunner | -9/Materials Scavenger-Gunner | -9/Mines Gunner | -7/Zion Gunner | -7/Deep Caves Resources | -11 -10 -10 -9 -9 -7 -7 ----------- Run | Yrd Mat Min Mat Min Zio Dee Matter Collected 1137 | 167 93 75 648 . 105 49 Remotely . | . . . . . . . Salvage Created 1267 | . 320 75 823 . . 49 Parts 77 | . 21 4 52 . . . Haulers Intercepted 2 | . 1 . 1 . . . Recyclers Shooed . | . . . . . . . Parts Field Recycled . | . . . . . . . Retrieved Matter . | . . . . . . . Parts Self-Destructed . | . . . . . . . Prevented . | . . . . . . . Kills | -11 -10 -10 -9 -9 -7 -7 ------- Run | Yrd Mat Min Mat Min Zio Dee Combat Hostiles Destroyed 34 | . 7 2 22 . . 3 Guns 31 | . 7 2 19 . . 3 AOE 3 | . . . 3 . . . Classes Destroyed 10 | . 5 . 4 . . 1 Worker 2 | . 1 . 1 . . . Hauler 2 | . 1 . 1 . . . Recycler 1 | . . . 1 . . . Operator 1 | . 1 . . . . . Watcher 1 | . . . 1 . . . Swarmer 11 | . 3 . 8 . . . Grunt 13 | . 4 2 7 . . . Brawler 1 | . . . 1 . . . Sentry 6 | . . . 6 . . . Assembled 3 | . . . . . . 3 Best Kill Streak 6 | . 3 2 6 . . 3 Combat Bots Only 6 | . 3 2 6 . . 3 Max Kills in Single Turn 2 | . 2 1 2 . . 1 Gunslinging . | . . . . . . . Exploded 2 | . . . 2 . . . Melee . | . . . . . . . Uniques/NPCs Destroyed . | . . . . . . . Combat | -11 -10 -10 -9 -9 -7 -7 -------- Run | Yrd Mat Min Mat Min Zio Dee Hostile Shots Fired 208 | . 46 19 95 3 . 45 Missed 74 | . 18 6 32 . . 18 Damage Taken 2126 | . 334 173 800 26 . 793 Core 544 | . 76 68 112 . . 288 Absorbed by Shields . | . . . . . . . Core Remaining (%) 71 | 100 . 42 . . . . Volleys Fired 96 | . 19 16 55 . . 6 Largest 3 | . 2 1 3 . . 3 Hottest 102 | . 90 20 102 . . 102 Shots Fired 203 | . 37 16 132 . . 18 Gun 200 | . 37 16 129 . . 18 Cannon . | . . . . . . . Launcher 3 | . . . 3 . . . Special . | . . . . . . . Kinetic 121 | . 10 16 83 . . 12 Thermal 71 | . 19 . 46 . . 6 Explosive 3 | . . . 3 . . . Electromagnetic 8 | . 8 . . . . . Robot Hit Streak 20 | . 12 14 20 . . 7 Robot Miss Streak 3 | . 3 2 3 . . 1 Penetration Max . | . . . . . . . Secondary Targets 3 | . 2 . 1 . . . Max Gunslinging Chain 1 | . 1 . 1 . . . Shots Hit Robots 136 | . 27 11 86 . . 12 Core Hits 69 | . 16 5 42 . . 6 Critical Kills . | . . . . . . . Critical Parts Destroyed . | . . . . . . . Critical Strikes 4 | . . . 4 . . . Burn 3 | . . . 3 . . . Destroy 1 | . . . 1 . . . Melee Attacks . | . . . . . . . Impact . | . . . . . . . Slashing . | . . . . . . . Piercing . | . . . . . . . Sneak Attacks . | . . . . . . . Combat Hostiles . | . . . . . . . Follow-up Attacks . | . . . . . . . Damage Inflicted 1925 | . 344 136 1272 . . 173 Guns 1683 | . 344 136 1030 . . 173 Cannons . | . . . . . . . Explosions 242 | . . . 242 . . . Melee . | . . . . . . . Ramming . | . . . . . . . Kinetic 952 | . 109 136 606 . . 101 Thermal 648 | . 152 . 424 . . 72 Explosive 242 | . . . 242 . . . Electromagnetic 83 | . 83 . . . . . Impact . | . . . . . . . Slashing . | . . . . . . . Piercing . | . . . . . . . Highest Corruption 2 | . . . . . . 2 Average Corruption 2 | . . . . . . 2 Corruption Purged . | . . . . . . . Corruption Blocked . | . . . . . . . Effects 2 | . . . . . . 2 Message Errors 1 | . . . . . . 1 Matter Fused 1 | . . . . . . 1 Overload Shots . | . . . . . . . Overflow Damage . | . . . . . . . Projectiles . | . . . . . . . Explosions . | . . . . . . . Melee . | . . . . . . . Knockbacks . | . . . . . . . Impact . | . . . . . . . Kinetic . | . . . . . . . Secondary . | . . . . . . . Self-Inflicted Damage 47 | . . . 47 . . . Shots 1 | . . . 1 . . . Rammed . | . . . . . . . Targets Rammed . | . . . . . . . Kicked . | . . . . . . . Crushed . | . . . . . . . Highest Temperature 258 | . 258 . 65 . . 39 Average Temperature 50 | . 83 . 26 . . 20 Received Heat Transfer 764 | . 159 96 291 . . 218 Siege Activations . | . . . . . . . Robots Corrupted . | . . . . . . . Combat Hostiles . | . . . . . . . Parts Fried . | . . . . . . . Impact Corruptions . | . . . . . . . Robots Melted . | . . . . . . . Combat Hostiles . | . . . . . . . Parts Melted 4 | . . . 4 . . . Heat Transferred 1903 | . 444 . 1274 . . 185 Parts Sabotaged . | . . . . . . . Parts Stolen . | . . . . . . . Parts Stripped . | . . . . . . . Power Chain Reactions . | . . . . . . . Alert | -11 -10 -10 -9 -9 -7 -7 ------- Run | Yrd Mat Min Mat Min Zio Dee Peak Influence 342 | . 223 132 342 87 . . Initial 87 | . . 82 51 87 . . Average 119 | . 105 107 124 87 . . Maximum Alert Level 1 | . 1 . 1 . . . Low Security (%) 82 | . 83 100 80 100 . . Level 1 17 | . 16 . 19 . . . Level 2 . | . . . . . . . Level 3 . | . . . . . . . Level 4 . | . . . . . . . Level 5 . | . . . . . . . High Security . | . . . . . . . Max Security . | . . . . . . . Squads Dispatched 4 | . 2 . 2 . . . Investigation 1 | . . . 1 . . . Extermination . | . . . . . . . Reinforcement 3 | . 2 . 1 . . . Assault . | . . . . . . . Garrison . | . . . . . . . Intercept . | . . . . . . . Searches Triggered . | . . . . . . . Construction Impeded . | . . . . . . . Haulers Reinforced . | . . . . . . . Active Scanning Responses . | . . . . . . . Cargo Convoy Interrupts . | . . . . . . . Stealth | -11 -10 -10 -9 -9 -7 -7 --------- Run | Yrd Mat Min Mat Min Zio Dee Distress Signals 3 | . . . 3 . . . Communications Jammed . | . . . . . . . Distress Signals . | . . . . . . . Times Spotted 61 | . 14 2 31 4 . 10 Peak Tracking Total 9 | . 5 2 6 4 . 9 Tactical Retreats 2 | . . . 1 . . 1 Traps | -11 -10 -10 -9 -9 -7 -7 ------- Run | Yrd Mat Min Mat Min Zio Dee Traps Triggered 1 | . . . 1 . . . Indirectly . | . . . . . . . Trap Hack Attempts . | . . . . . . . Triggered . | . . . . . . . Disarmed . | . . . . . . . Reprogrammed . | . . . . . . . Reused . | . . . . . . . Traps Extracted . | . . . . . . . Installed . | . . . . . . . Triggered . | . . . . . . . Machines | -11 -10 -10 -9 -9 -7 -7 ---------- Run | Yrd Mat Min Mat Min Zio Dee Machines Disabled 1 | . . . 1 . . . Max in Single Turn 1 | . . . 1 . . . Machines Repaired . | . . . . . . . Machines Dismantled . | . . . . . . . Machines Sabotaged . | . . . . . . . Overloaded Fab Kills . | . . . . . . . Hacking | -11 -10 -10 -9 -9 -7 -7 --------- Run | Yrd Mat Min Mat Min Zio Dee Machines Accessed 3 | . . . 3 . . . Terminals 3 | . . . 3 . . . Fabricators . | . . . . . . . Repair Stations . | . . . . . . . Recycling Units . | . . . . . . . Scanalyzers . | . . . . . . . Garrison Access . | . . . . . . . Total Hacks 9 | . . . 9 . . . Successful 2 | . . . 2 . . . Failed 7 | . . . 7 . . . Catastrophic 1 | . . . 1 . . . Database Lockouts . | . . . . . . . Manual 12 | . . . 8 . 4 . Terminals 9 | . . . 9 . . . Fabricators . | . . . . . . . Repair Stations . | . . . . . . . Recycling Units . | . . . . . . . Scanalyzers . | . . . . . . . Garrison Access . | . . . . . . . Terminal Hacks 1 | . . . 1 . . . Unreport Threat 1 | . . . 1 . . . Fabricator Hacks . | . . . . . . . Repair Station Hacks . | . . . . . . . Recycling Unit Hacks . | . . . . . . . Scanalyzer . | . . . . . . . Garrison Access Hacks . | . . . . . . . Unauthorized Hacks 1 | . . . 1 . . . Terminals 1 | . . . 1 . . . Botnet 1 | . . . 1 . . . Fabricators . | . . . . . . . Repair Stations . | . . . . . . . Recycling Units . | . . . . . . . Scanalyzers . | . . . . . . . Garrison Access . | . . . . . . . Data Cores Recovered 1 | . 1 . . . . . Used . | . . . . . . . Hacking Detections 3 | . . . 3 . . . Full Trace Events . | . . . . . . . Feedback Events . | . . . . . . . Feedback Blocked . | . . . . . . . Robot Schematics Acquired . | . . . . . . . Robots Built . | . . . . . . . Authchips . | . . . . . . . Time . | . . . . . . . Total Robot Build Rating . | . . . . . . . Part Schematics Acquired . | . . . . . . . Parts Built . | . . . . . . . Authchips . | . . . . . . . Time . | . . . . . . . Total Part Build Rating . | . . . . . . . Parts Repaired . | . . . . . . . Time . | . . . . . . . Parts Recycled . | . . . . . . . Recycled Matter . | . . . . . . . Retrieved Matter . | . . . . . . . Retrieved Components . | . . . . . . . Parts Scanalyzed . | . . . . . . . Part Schematics Acquired . | . . . . . . . Parts Damaged . | . . . . . . . Bothacking | -11 -10 -10 -9 -9 -7 -7 ------------ Run | Yrd Mat Min Mat Min Zio Dee Used RIF Installer . | . . . . . . . Robots Hacked . | . . . . . . . Non-combat . | . . . . . . . Combat . | . . . . . . . Robot Hacks Applied . | . . . . . . . Relay Couplers Released . | . . . . . . . Fabnet Peak Effective % . | . . . . . . . Robots Rewired . | . . . . . . . Allies Hacked . | . . . . . . . Hacks Repelled . | . . . . . . . Allies | -11 -10 -10 -9 -9 -7 -7 -------- Run | Yrd Mat Min Mat Min Zio Dee Total Allies 4 | . . . . . 4 . Largest Group 4 | . . . . . 4 3 Highest-Rated Group 152 | . . . . . 152 114 Highest-Rated Ally 38 | . . . . . 38 38 Total Orders . | . . . . . . . Ally Attacks . | . . . . . . . Total Damage . | . . . . . . . Kills . | . . . . . . . Allies Corrupted . | . . . . . . . Allies Melted . | . . . . . . . Intel | -11 -10 -10 -9 -9 -7 -7 ------- Run | Yrd Mat Min Mat Min Zio Dee Robot Analysis Total . | . . . . . . . Derelict Logs Recovered 2 | . . . . . 2 . Drone Launches . | . . . . . . . Drone Recoveries . | . . . . . . . Exploration | -11 -10 -10 -9 -9 -7 -7 ------------- Run | Yrd Mat Min Mat Min Zio Dee Turns Passed 3971 | . 349 91 1347 6 1789 389 Spaces Moved 2192 | 1 222 41 611 4 1049 264 Core . | . . . . . . . Treads 1690 | . . . 441 4 1049 196 Legs 434 | 1 222 41 170 . . . Wheels . | . . . . . . . Hover . | . . . . . . . Flight 68 | . . . . . . 68 Fastest Speed 32 | 120 120 120 120 170 170 32 Average Speed 160 | 120 120 120 174 170 170 134 Slowest Speed 250 | 120 120 120 250 170 170 170 Overloaded Moves . | . . . . . . . Propulsion Burnouts . | . . . . . . . Robots Hopped . | . . . . . . . Cave-ins Triggered . | . . . . . . . Exploration Rate (%) 37 | 2 63 7 59 3 87 41 Regions Visited 6 Branch Regions 4 Pre-discovered Areas 3 | . . . . . 3 . Known Exits Taken 3 | . . . 1 1 1 . Unknown Exits Taken 3 | 1 1 1 . . . . Scrap Searched 4 | . . . . . 4 . Spaces Dug . | . . . . . . . Terrain Destroyed 29 | . . . 29 . . . Melee . | . . . . . . . Projectile . | . . . . . . . AOE 29 | . . . 29 . . . Terrain Rammed . | . . . . . . . Walls Destroyed . | . . . . . . . Machines Disabled . | . . . . . . . Actions | -11 -10 -10 -9 -9 -7 -7 --------- Run | Yrd Mat Min Mat Min Zio Dee Total 2484 | . 266 69 796 3 1058 292 Wait 119 | . 20 5 90 . 2 2 Move 2186 | . 221 40 610 3 1048 264 Hop . | . . . . . . . Pick Up 18 | . 2 . 12 . 4 . Fast Attach 11 | . 2 . 9 . . . Attach 4 | . 1 . . . . 3 Detach 2 | . . 1 . . . 1 Swap 13 | . 1 3 7 . . 2 Drop 35 | . . 4 13 . 4 14 Fire 96 | . 19 16 55 . . 6 Melee . | . . . . . . . Ram . | . . . . . . . Kick . | . . . . . . . Crush . | . . . . . . . Escape Stasis . | . . . . . . . Rewire . | . . . . . . . Trap . | . . . . . . . Miscellaneous . | . . . . . . . Route ------- -11/Scrapyard -10/Materials (discovered 2 exits: *Mat / [*Min]) -10/Mines -9/Materials (discovered 4 exits: *Mat x2 / *Min / *Sto) -9/Mines -7/Zion (discovered 2 exits: *Dee / Pro) -7/Deep Caves History --------- Turn | Location | Event 1 | -11/Scrapyard | Discovered new exit (range 0) 1 | -11/Scrapyard | Entered Materials 204 | -10/Materials | Discovered new exit (range 16) 316 | -10/Materials | Build established: Mutant 328 | -10/Materials | Discovered new exit (range 16) 350 | -10/Materials | Entered Mines 387 | -10/Mines | Met a Derelict bent on vengeance 396 | -10/Mines | Core integrity fell below 50% 433 | -10/Mines | Discovered new exit (range 6) 441 | -10/Mines | Entered Materials 441 | -9/Materials | Evolved 2 slots: Utility x1, Weapon x1 711 | -9/Materials | Lost 3 parts (1u2w) 822 | -9/Materials | Discovered new exit (range 16) 882 | -9/Materials | Identified exit to Materials 1013 | -9/Materials | Build established: Scavenger-Gunner 1135 | -9/Materials | Discovered new exit (range 16) 1178 | -9/Materials | Identified exit to Storage 1346 | -9/Materials | Discovered exit to Materials (range 10) 1671 | -9/Materials | Build established: Gunner 1761 | -9/Materials | Discovered new exit (range 10) 1775 | -9/Materials | Identified exit to Mines 1788 | -9/Materials | Entered Mines 1789 | -9/Mines | A Derelict revealed a hidden shortcut to a safe place 1792 | -9/Mines | Identified exit to Zion 1794 | -9/Mines | Entered Zion 1821 | -7/Zion | Found CR-A16's Pointy Stick 1832 | -7/Zion | Identified exit to Proximity Caves 1855 | -7/Zion | Given A8's code to call for help 2180 | -7/Zion | Learned location of Data Miner (-6) 2252 | -7/Zion | Acquired unknown access codes intercepted by a Zionite 2320 | -7/Zion | Learned location of Armory (-3) 2375 | -7/Zion | Learned 8 Factory zone layouts 2913 | -7/Zion | Given the Hacking Drone Bay 3202 | -7/Zion | Opened final containment barrier to the Deep Caves 3399 | -7/Zion | Imprinted 3401 | -7/Zion | Declared Zion's savior 3573 | -7/Zion | Discovered new exit (range 5) 3576 | -7/Zion | Saw the warning signs outside the Deep Caves entrance 3581 | -7/Zion | Identified exit to Deep Caves 3583 | -7/Zion | Entered Deep Caves 3583 | -7/Deep Caves | Accompanied by 4 allies 3931 | -7/Deep Caves | Attacked by Z-Imprinter 3943 | -7/Deep Caves | Core integrity fell below 50% 3955 | -7/Deep Caves | Z-Facility disabled 3958 | -7/Deep Caves | Core integrity fell below 20% 3972 | -7/Deep Caves | Destroyed by Z-Imprinter with Zionite Laser-M Last Messages --------------- 03861_ Acquired 17 matter. 03864_ Acquired 18 matter. 03918_ NEW_ZION: Z-Facility proximity alert. Z-Imprinter: GET AWAY FROM HERE! I've worked too hard for our future just to have you ruin everything! 03936_ Dropped Beam Rifle. 03937_ Dropped Ion Engine. 03938_ Dropped Lgt. Treads. 03938_ Dropped Com. Matter Pod. 03940_ Dropped Autogun. 03944_ Dropped Mining Laser. 03945_ Dropped Com. Matter Pod. 03946_ Dropped Arm. Treads. 03947_ Dropped Lrg. Storage Unit. 03947_ Dropped CR-A16's Pointy Stick. 03950_ Imp. Medium Armor Plating destroyed. 03955_ System corrupted: Matter fused (-9). 03955_ Z-Facility disabled. 03955_ Cesium-ion Thruster destroyed. Map ----- +----------------------------------------------------+ | ?????????????????????????????????????# # | | ?????????????????????????????????????? | | ??????????????????????????????????????# | | ????????????????????????????????????????# | | ????????????????????????????????????????## | | ????????????????????????????????????????# | | ?????????????????????????????????????#### | | ????????????????????????????????????## # | | ????????????????????????????????????# | | ??????????????????????????????????????!# | | ?????????????????????????? ???????????## | | ?????????????????????????# ??????????## | | ????????????????????????## ??????????# | | ???????????????????? ### ??????????#" | | ??????????????????? ????????#### | | ???????????????????? #???????## # | | ????????????????????? #???????# | | ?????????????????????? ##??????# | | ??????????????????????? ####???# | | ???????????????????????? ##??## | | ????????????????????????? #???### | | ?????????????????????????# #?????# | | ????????????????????????## #?????## | | ???????????????????????## #???????# | | ???????????????### #### ##???##### | | ???????????????# @ I ##?## ## | | ??????????????# ## #?# ## | | ??????????????# ###; ### #?# # | | ??????????????# ????### #?## ### | | ?????????????# ?????????# #?## ## | | ????????????????????????? ### | | ????????????????????????# ### | | ???????????????????????? #### | | ??????????????????????? ???# # | | ??????????????????????? ??# ### | | ?????????????????????? ???# ##?### | | ??????????????????????##???# #?????# | | ???????????????????????????## #??????## | | ????????????????????????????##????????# | | ??????????????????????????????????????# | | ??????????????????????????????????????## # | | ???????????????????????????????????????# # | | ????????????????????????????????????????# ######? | | ?????????????????????????????????????????###?????? | | | | | | | | | | | | | +----------------------------------------------------+ Best States ------------- Heat Dissipation 42 Energy Generation 14 Energy Capacity 250 Matter Stores 300 Matter Capacity 300 Sight Range 16 Terrain Scan Density 10 Armor Coverage 225 Evasion (%) 63 Recoil Reduction 2 Item Schematics ----------------- None Robot Schematics ------------------ None Fabricated ------------ Nothing Alien Tech Used ----------------- None Achievements -------------- None Challenges ------------ None Game ------ Seed RagnarokControlPlatform Manual? 0 Play Time 00:28:48 Cumulative 146.8 hours Start 2024.03.08 @ 20:01:17 End 2024.03.08 @ 20:57:00 Sessions 1 Manual Loads 0 Difficulty Rogue Special Mode None Game No. 161 Rogue 161 Adventurer 0 Explorer 0 Win Type - Total 0 Types 0/0/0/0/0/0/0/0/0 Lore% 52 Gallery% 68 Achievement% 54 Wizard Run 0 Options --------- Layout 1 ASCII 0 Keyboard 0 Movement Numpad Keybinds 0 Fullscreen 1 Font 24/Smallcaps Map View 50x35 Zoom Use 0% Tactical HUD 1 Map Filters NONE Filters NONE Steam 1 RUN: 5a8ff500-ea3b-4f25-a3de-bd7bc6008641